 Dungeon Crawl Stone Soup version 0.28.0 (webtiles) character file.

Game seed: 12206307752287748809

175 freelancePsychic the Skirmisher (level 5, -1/44 HPs)
             Began as a Palentonga Brigand on Feb 19, 2022.
             Was a Follower of Okawaru.
             Slain by a white imp (5 damage)
             ... on level 5 of the Dungeon.
             The game lasted 00:05:32 (2219 turns).

freelancePsychic the Skirmisher (PaBr)              Turns: 2219, Time: 00:05:32

Health: -1/44      AC:  5    Str: 16    XL:     5   Next: 29%
Magic:  4/4        EV:  9    Int: 10    God:    Okawaru [*.....]
Gold:   7          SH:  0    Dex: 11    Spells: 4/4 levels left

rFire   . . .      SeeInvis +   a - +2 dagger
rCold   . . .      Faith    .   (no shield)
rNeg    . . .      Spirit   .   j - +0 robe
rPois   .          Reflect  .   (no helmet)
rElec   .          Harm     .   c - +0 cloak
rCorr   .          Rampage  .   (no gloves)
Will    .....                   (no barding)
Stlth   ++........              (no amulet)
HPRegen 0.14/turn               (no ring)
MPRegen 0.09/turn               (no ring)

@: no status effects
A: large, rugged brown scales 3, see invisible, deformed body, roll 1, armoured
tail, dopey 1, low MP 1
a: Rolling Charge, Renounce Religion, Heroism


You were on level 5 of the Dungeon.
You worshipped Okawaru.
Okawaru was aware of your devotion.
You visited 1 branch of the dungeon, and saw 5 of its levels.

You collected 7 gold pieces.

Inventory:

Hand Weapons
 a - a +2 dagger (weapon)
 b - a +0 shortbow
 f - a +4 vorpal great sword
Missiles
 d - 8 poisoned darts
 e - 2 curare-tipped darts
Armour
 c - a +0 cloak (worn)
 g - a scarf of repulsion
 j - a +0 robe (worn)
Scrolls
 i - a scroll of identify {@r1}
 m - a scroll of brand weapon {unknown}
Potions
 h - a potion of curing {unknown}
 l - 2 potions of mutation


   Skills:
 + Level 4.1 Fighting
 - Level 2.9(3.4) Short Blades
 + Level 2.7(3.3) Long Blades
 - Level 1.3 Throwing
 - Level 0.7 Dodging
 - Level 2.6 Stealth


You had 4 spell levels left.
You didn't know any spells.
Your spell library contained the following spells:

 Spells                   Type           Power      Damage    Failure   Level
 Apportation              Tloc           0%         N/A       36%         1
 Animate Skeleton         Necr           Unusable   N/A       N/A         1
 Summon Small Mammal      Summ           Unusable   N/A       N/A         1

Dungeon Overview and Level Annotations

Branches:
Dungeon (6/15)
 Temple: D:4-7

Altars:
Okawaru

Annotations:
D:2 Jessica


Innate Abilities, Weirdness & Mutations

You are completely covered in rugged brown scales. (AC +3, +7% HP)
You have supernaturally acute eyesight. (SInv)
Armour fits poorly on your strangely shaped body.
You can roll at nearby foes to attack.
You have a long armoured tail.
You are dopey. (Int -2)
Your magical capacity is low. (-10% MP)


Message History

A gnoll is wielding a +1 hand axe of freezing.
Found 25 stones.
Found a brass wand.
Found a stone staircase leading down.
Found a stone staircase leading up.
Found 17 gold pieces.
Found a stone staircase leading down.
There is a stone staircase leading up here.
You climb upwards.
The white imp shouts!
You hear a shout!
Found 2 amethyst potions.
Found a stone staircase leading up.
There is a stone staircase leading down here.
Found a robe.
The gnoll hits you but does no damage.
A gnoll comes into view. It is wielding a +0 flail.
You are no longer glowing.
The gnoll hits you but does no damage.
There is a fountain of clear blue water here.
A gnoll comes into view. It is wielding a +0 spear.
The white imp shouts, "Give up, thou warped crook-pated flap-bat!"
The gnoll shouts!
You hit the white imp.
The white imp is heavily wounded.
The white imp gestures at you. The puff of frost hits you!
The gnoll barely misses you.
You hit the white imp but do no damage.
The white imp is heavily wounded.
A gnoll comes into view. It is wielding a +0 spear.
The white imp gestures at you. The puff of frost hits you!
The gnoll hits you with a +0 flail.
You hit the white imp but do no damage.
The white imp is heavily wounded.
The hound bites you.
* * * LOW HITPOINT WARNING * * *
The white imp gestures at you. The puff of frost hits you.
* * * LOW HITPOINT WARNING * * *
The gnoll barely misses you. The hound bites you.
* * * LOW HITPOINT WARNING * * *
The white imp hits you.
* * * LOW HITPOINT WARNING * * *
The white imp freezes you.
You die...

##+# #+##
#...## ##...#
..⌠...###...⌠..
#.........!...#
#....>....#
###.....###
##.g.##
###..h..###
#[..@5g...#
#........g....#
+.⌠...###...⌠..
#...## ##g..#
##+# #.## ..#
.#


You could see a hound, 4 gnolls and a white imp.

Vanquished Creatures
  A scorpion (D:6)
  A bullfrog zombie (D:6)
  An orc priest (D:3)
  An adder (D:1)
  3 dart slugs (D:1)
  4 orcs
  5 ball pythons
  4 endoplasms (D:2)
  3 hobgoblins (D:1)
  3 kobolds (D:2)
  A quokka (D:1)
  A bat (D:2)
  2 goblins (D:1)
  5 rats
35 creatures vanquished.

Notes
Turn   | Place    | Note
-------+----------+-------------------------------------------
     0 | D:1      | freelancePsychic the Palentonga Brigand began the quest for
                  | the Orb.
     0 | D:1      | Reached XP level 1. HP: 17/17 MP: 1/1
   173 | D:1      | Reached XP level 2. HP: 24/24 MP: 2/2
   321 | D:1      | Found a faded altar of an unknown god.
   474 | D:1      | Prayed at the altar of an unknown god.
   474 | D:1      | Became a worshipper of Warmaster Okawaru
   474 | D:1      | Reached * piety under Okawaru
   944 | D:1      | Gained mutation: You are dopey. (Int -2) [potion of
                  | mutation]
   944 | D:1      | Gained mutation: Your magical capacity is low. (-10% MP)
                  | [potion of mutation]
   949 | D:1      | Reached XP level 3. HP: 4/29 MP: 2/2
  1233 | D:1      | Identified a scroll of acquirement
  1235 | D:1      | Acquired a +4 vorpal great sword
  1297 | D:2      | Reached skill level 3 in Fighting
  1554 | D:3      | Reached skill level 1 in Long Blades
  1554 | D:3      | Reached XP level 4. HP: 3/37 MP: 0/3
  1887 | D:2      | Noticed Jessica
  2110 | D:3      | You fall into a shaft and drop 3 floors!
  2110 | D:6      | Noticed a scorpion
  2111 | D:6      | Killed a scorpion
  2112 | D:6      | Reached XP level 5. HP: 40/44 MP: 4/4
  2122 | D:6      | Reached skill level 4 in Fighting
  2212 | D:5      | Entered Level 5 of the Dungeon
  2219 | D:5      | Slain by a white imp

Illustrated notes

Levels and vault maps discovered:
D:1:      minmay_arrival_four_houses, layout_basic,
          shapermc_ecumenical_altar_starsandcircs, glass_columns_b
D:2:      layout_basic, uniq_jessica
D:3:      layout_loops_ring
D:5:      layout_loops_ring, grunt_ministairs_13, chequers_decorated_corner,
          minmay_fractal_squares_5
D:6:      layout_rooms

Skill      XL: |  1  2  3  4  5 |
---------------+----------------+-----
Fighting       | 3 4 |  4.1
Long Blades    | 1 2 |  2.7
Short Blades   | |  2.9
Throwing       | |  1.3
Dodging        | |  0.7
Stealth        | |  2.6

Action                   |  1- 3 |  4- 6 || total
-------------------------+-------+-------++-------
Melee: Dagger            |    80 |    40 ||   120
       Tailslap          |     7 |     6 ||    13
Throw: Dart              |     2 |       ||     2
Invok: Heroism           |     1 |     1 ||     2
 Abil: Rolling Charge    |     4 |     3 ||     7
  Use: Potion            |     2 |       ||     2
       Scroll            |     3 |     1 ||     4
 Stab: Sleeping          |     3 |     1 ||     4
Armor: Robe              |    19 |     7 ||    26
Dodge: Dodged            |    35 |    16 ||    51
       Repelled          |     1 |       ||     1
